 Dungeon Crawl Stone Soup version 0.23-a0-372-g5ce4c07 (console) character file.

779 Moorlo the Chopper (level 7, -3/57 HPs)
             Began as a Demigod Fighter on Oct 25, 2018.
             Killed themself with a badly aimed iceblast (11 damage)
             ... on level 7 of the Dungeon.
             The game lasted 00:13:54 (5388 turns).

Moorlo the Chopper (Demigod Fighter)                Turns: 5388, Time: 00:13:54

Health: -3/57      AC:  7    Str: 21    XL:     7   Next: 29%
Magic:  2/9        EV:  7    Int: 14    God:
Gold:   220        SH:  9    Dex: 15    Spells: 6/6 levels left

rFire    . . .     SeeInvis .   a - +0 war axe
rCold    . . .     Gourm    .   c - +0 shield
rNeg     . . .     Faith    .   b - +0 scale mail
rPois    +         Spirit   .   (no helmet)
rElec    .         Reflect  .   (no cloak)
rCorr    .         Harm     .   j - +0 pair of gloves
MR       .....                  (no boots)
Stlth    ..........             (no amulet)
HPRegen  0.19/turn              k - ring of poison resistance
MPRegen  0.11/turn              (no ring)

@: no status effects
A: high mp 1
a: no special abilities


You were on level 7 of the Dungeon.
You were not hungry.

You visited 1 branch of the dungeon, and saw 8 of its levels.

You collected 220 gold pieces.

Inventory:

Hand Weapons
 a - a +0 war axe (weapon)
Armour
 b - a +0 scale mail (worn)
 c - a +0 shield (worn)
 j - a +0 pair of gloves (worn)
Jewellery
 k - a ring of poison resistance (left hand)
Wands
 l - a wand of random effects (33)
 q - a wand of digging (13)
Scrolls
 d - 2 scrolls of enchant weapon {unknown}
 e - a scroll of remove curse
 h - 3 scrolls of amnesia
 n - a scroll of random uselessness {unknown}
 o - a scroll of enchant armour {unknown}
 t - a scroll of blinking
Potions
 i - 2 potions of lignification
 m - a potion of invisibility
Comestibles
 f - 13 rations
 p - 4 chunks of flesh


   Skills:
 - Level 3.0 Fighting
 * Level 7.6 Axes
 - Level 2.9 Armour
 - Level 2.9 Shields


You had 6 spell levels left.
You didn't know any spells.
Your spell library was empty.

Dungeon Overview and Level Annotations

Branches:
Dungeon (8/15)
 Temple: D:4-7         Lair: D:8-11

Annotations:
D:6 Eustachio
D:7 Pikel
D:8 Erica, Grum


Innate Abilities, Weirdness & Mutations

You have an increased reservoir of magic. (+10% MP)


Message History

Your shield prevents you from hitting the killer bee.
The killer bee is almost dead.
The killer bee barely misses you. x2
The killer bee stings you but does no damage.
You hit the killer bee.
You kill the killer bee!
The killer bee stings you.
* * * LOW HITPOINT WARNING * * *
You hit the killer bee but do no damage.
The killer bee closely misses you. The killer bee barely misses you.
You block Your shield and scale mail prevent you from hitting the killer bee.
You block the killer bee's attack. The killer bee barely misses you.
Evoke which item? (* to show all) (? for menu, Esc to quit)
Aiming: Random Effects
Press: ? - help, Shift-Dir - straight line, f - killer bee
Aim: a killer bee The mass of ice explodes!
The iceblast engulfs the killer bee.
The killer bee is heavily wounded.
The iceblast engulfs you!
You die...

#.....'...#....#'##....#
#.
#.....#...#........#'###
#.
#.....#..##........#..#
#.
#######..####+#....#..#
#. #........#....#..# #.
#........#....#..# #.
#........#....#### ..
#........#....#
#........#....#
##.###y### #####@##
#....# #....# ##....#
#....###### ###......<#
#.......# #.......#
#.......# #########


You could see a killer bee.

Vanquished Creatures
  A sky beast (D:4)
  A slave (D:8)
  A bullfrog (D:7)
  A killer bee (D:7)
  A howler monkey (D:4)
  A centaur zombie (D:5)
  A bullfrog zombie (D:5)
  2 jellies (D:5)
  A hound (D:5)
  2 orc priests (D:4)
  4 orc wizards (D:4)
  A hound zombie (D:5)
  A hound skeleton (D:5)
  3 gnolls (D:2)
  6 adders
  A shadow imp (D:5)
  4 worms
  2 dart slugs (D:1)
  10 orcs
  2 ball pythons
  2 bats
  4 giant cockroaches (D:2)
  4 goblins
  6 hobgoblins
  6 jackals
  9 kobolds
  5 quokkas
  6 frilled lizards
  24 rats
112 creatures vanquished.

Notes
Turn   | Place    | Note
-------+----------+-------------------------------------------
     0 | D:1      | Moorlo the Demigod Fighter began the quest for the Orb.
     0 | D:1      | Reached XP level 1. HP: 18/18 MP: 3/3
   121 | D:1      | Reached skill level 2 in Axes
   441 | D:1      | Reached XP level 2. HP: 25/25 MP: 4/4
  1214 | D:2      | Found a bloodstained altar of Trog.
  1629 | D:2      | Reached XP level 3. HP: 17/31 MP: 5/5
  1821 | D:2      | Reached skill level 3 in Axes
  2029 | D:2      | Reached XP level 4. HP: 35/38 MP: 6/6
  2827 | D:3      | Found a deep blue altar of Sif Muna.
  3191 | D:4      | Reached skill level 4 in Axes
  3308 | D:4      | Reached XP level 5. HP: 25/45 MP: 7/7
  3471 | D:4      | Reached skill level 5 in Axes
  3721 | D:4      | Noticed a sky beast
  3745 | D:4      | Killed a sky beast
  3745 | D:4      | Reached XP level 6. HP: 46/51 MP: 8/8
  3844 | D:4      | Reached skill level 6 in Axes
  4255 | D:5      | Entered Level 5 of the Dungeon
  4472 | D:5      | Reached skill level 7 in Axes
  4475 | D:5      | Reached XP level 7. HP: 43/57 MP: 9/9
  4602 | D:5      | Found an opulent altar of Gozag.
  4897 | D:6      | Noticed Eustachio
  5310 | D:7      | Noticed Pikel
  5338 | D:8      | Noticed Grum
  5349 | D:8      | Noticed a hippogriff
  5359 | D:8      | Noticed Erica
  5388 | D:7      | Killed themself with a badly aimed iceblast

Vault maps used:
D:1:      dpeg_arrival_more_subterranean_lakeside_camping
D:2:      serial_rivers, chequers_serial_rivers_micro_d,
          chequers_serial_rivers_small_3, chequers_serial_rivers_micro_d,
          chequers_serial_rivers_micro_a, chequers_serial_rivers_micro_a,
          chequers_serial_rivers_small_a, first_ration,
          trog_three_pillars_becter
D:3:      lemuel_statue_altar
D:4:      minmay_rat_hole
D:5:      old_standard_altar, wad_rectangle_vault
D:6:      marbit_many_paths, minmay_temple_entry_large_hall, uniq_eustachio
D:7:      uniq_pikel, uniq_joseph
D:8:      minitemple, uniq_psyche, uniq_grum, uniq_maurice, uniq_erica

Skill      XL: |  1  2  3  4  5  6 |
---------------+-------------------+-----
Axes           | 2 3 4 5 7 |  7.6
Fighting       | 3 |  3.0
Armour         | |  2.9
Shields        | |  2.9

Action                   |  1- 3 |  4- 6 |  7- 9 || total
-------------------------+-------+-------+-------++-------
Melee: War axe           |   131 |   195 |    62 ||   388
Evoke: Wand              |       |     7 |       ||     7
  Use: Potion            |     4 |     5 |       ||     9
       Scroll            |     3 |       |     6 ||     9
  Eat: Chunk             |     3 |     6 |       ||     9
       Ration            |       |     1 |     1 ||     2
Armor: Scale mail        |    58 |    77 |    29 ||   164
       Skin              |    16 |       |       ||    16
Dodge: Dodged            |    46 |    55 |    34 ||   135
Block: Shield            |    89 |   110 |    44 ||   243

Table legend:
 A = Non-vault XP
 B = Vault XP
 C = Vault XP percentage of total XP
 D = Non-vault monster count
 E = Vault monster count
 F = Vault count percentage of total count
                 A         B        C        D         E       F
            +---------+---------+-------+---------+---------+-------
      Total |     973 |     141 |  12.7 |      87 |      24 |  21.6
            +---------+---------+-------+---------+---------+-------
        D:1 |      18 |       0 |   0.0 |       9 |       0 |   0.0
        D:2 |     102 |       0 |   0.0 |      28 |       0 |   0.0
        D:3 |      40 |       0 |   0.0 |      15 |       0 |   0.0
        D:4 |     473 |      20 |   4.1 |      22 |      19 |  46.3
        D:5 |     174 |     121 |  41.0 |       9 |       5 |  35.7
        D:6 |      14 |       0 |   0.0 |       1 |       0 |   0.0
        D:7 |     149 |       0 |   0.0 |       2 |       0 |   0.0
        D:8 |       3 |       0 |   0.0 |       1 |       0 |   0.0
            +---------+---------+-------+---------+---------+-------
